 Dungeon Crawl Stone Soup version 0.30-a0-341-g682706514a (webtiles) character file.

Game seed: 15246280924849559352

9 blackman the Sneak (level 2, -1/24 HPs)
             Began as a Human Delver on Nov 3, 2022.
             Slain by an iguana (6 damage)
             ... on level 5 of the Dungeon.
             The game lasted 00:02:28 (666 turns).

blackman the Sneak (Human Delver)                    Turns: 666, Time: 00:02:29

Health: -1/24      AC: 12    Str: 18    XL:     2   Next: 25%
Magic:  2/2        EV:  7    Int: 10    God:
Gold:   29         SH:  0    Dex: 14    Spells: 1/1 levels left

rFire   . . .      SeeInvis .    l - +0 rapier
rCold   . . .      Faith    .    (no shield)
rNeg    . . .      Spirit   .    n - +4 chain mail
rPois   .          Reflect  .    (no helmet)
rElec   .          Harm     .    (no cloak)
rCorr   .          Rampage  .    (no gloves)
Will    .....                    (no boots)
Stlth   ..........               (no amulet)
HPRegen 0.24/turn                h - +6 ring of strength
MPRegen 0.08/turn                (no ring)

@: no status effects
A: no striking features
a: no special abilities


You were on level 5 of the Dungeon.
You visited 1 branch of the dungeon, and saw 2 of its levels.

You collected 29 gold pieces.

Inventory:

Hand Weapons
 a - a +0 falchion
 f - a +0 war axe
 l - a +0 rapier (weapon)
Missiles
 k - 4 poisoned darts (quivered)
Armour
 b - a +0 leather armour
 n - a +4 chain mail (worn)
Jewellery
 h - a +6 ring of strength (left hand)
Wands
 g - a wand of digging (3)
Scrolls
 c - a scroll of fog
 d - a scroll of magic mapping
 e - a scroll of fear
 j - a scroll of teleportation {unknown}
 m - a scroll of noise {unknown}
Potions
 i - 2 potions of attraction {unknown}


   Skills:
 - Level 3.0 Fighting
 - Level 2.7 Long Blades
 - Level 2.0 Dodging
 - Level 5.0 Stealth
 * Level 0.1 Spellcasting
 * Level 0.2 Conjurations


You had one spell level left.
You didn't know any spells.
Your spell library contained the following spells:

 Spells                   Type           Power      Damage    Failure   Level
 Summon Guardian Golem    Hex/Summ       0%         N/A       100%        3
 Orb of Destruction       Conj           0%         9d5       100%        7
 Spellforged Servitor     Conj/Summ      0%         N/A       100%        7


Dungeon Overview and Level Annotations

Branches:
Dungeon (5/15)
 Temple: D:4-7

Altars:


Message History

There is a stone staircase leading down here.
You climb downwards.
You hear the hiss of flowing sand.
There is an entrance to an ossuary on this level.
Hurry and find it before the portal is buried!
You hear the rapid hiss of an avalanche of sand very nearby.
There is a stone staircase leading up here.
You open the door.
There is an open door here.
You open the door.
There is an open door here.
You open the door.
There is an open door here.
Found a stone staircase leading down.
You open the door.
An iguana comes into view.
You barely miss the iguana. The iguana bites you.
You hit the iguana.
The iguana is moderately wounded.
The iguana barely misses you.
You hit the iguana but do no damage.
The iguana is moderately wounded.
The iguana bites you but does no damage.
You hit the iguana.
The iguana is severely wounded.
The iguana bites you!
The iguana bites you but does no damage.
You hit the iguana but do no damage.
The iguana is severely wounded.
The iguana bites you but does no damage.
You hit the iguana.
The iguana is severely wounded.
The iguana bites you!
* * * LOW HITPOINT WARNING * * *
You barely miss the iguana.
The iguana is severely wounded.
The iguana barely misses you.
You hit the iguana but do no damage.
The iguana is severely wounded.
The iguana bites you.
You die...

...#.....#.....#
...#...).#.....# ...
...#.....#.....# ..
...#.....#.....# ..
####.....######### .#
##............#..##.#
............#.....#
#............l.....#
#...........@#
#............####..
#..................
#...........>......
#....................
#.....................
#......................
#.....................#
#.....................#


You could see an iguana.

Vanquished Creatures
  2 orcs (D:4)
  2 endoplasms (D:4)
  A giant cockroach (D:4)
  2 ball pythons (D:4)
7 creatures vanquished.

Notes
Turn   | Place    | Note
-------+----------+-------------------------------------------
     0 | D:5      | blackman the Human Delver began the quest for the Orb.
     0 | D:5      | Reached XP level 1. HP: 18/18 MP: 1/1
   133 | D:5      | Noticed an ice beast
   345 | D:4      | Reached XP level 2. HP: 24/24 MP: 2/2
   666 | D:5      | Slain by an iguana

Illustrated notes

Levels and vault maps discovered:
D:4:      layout_loops_corners, lightli_temple_of_fire
D:5:      layout_gridville, enter_ossuary_3, uniq_ijyb

Action                   || total
-------------------------++-------
Melee: Rapier            ||    35
  Use: Potion            ||     1
 Stab: Sleeping          ||     2
Armor: Leather armour    ||     5
       Chain mail        ||     3
Dodge: Dodged            ||    11

Table legend: (Time is in decaauts)
 A = Elapsed time spent in this place.
 B = Non-inter-level travel time spent in this place.
 C = Inter-level travel time spent in this place.
 D = Time resting spent in this place.
 E = Time spent auto-exploring this place.
 F = Levels seen in this place.
 G = Mean time per level.
                   A        B        C        D        E       F      G
               +--------+--------+--------+--------+--------+-----+--------+
         Total |    650 |    650 |      0 |    270 |    226 |   2 |  325.0 |
       Dungeon |    650 |    650 |      0 |    270 |    226 |   2 |  325.0 |
               +--------+--------+--------+--------+--------+-----+--------+

Top non-repeatable levels by time:
     D:4: 460 daAuts
     D:5: 189 daAuts
